 Dungeon Crawl Stone Soup version 0.18-a0-1628-g61c6396 (webtiles) character file.

410 Ijustatesigmund the Sneak (level 7, -3/43 HPs)
             Began as a Kobold Artificer on Mar 25, 2016.
             Splashed by a jelly's acid (8 damage)
             ... on level 5 of the Dungeon.
             The game lasted 00:09:47 (3900 turns).

Ijustatesigmund the Sneak (Kobold Artificer)        Turns: 3900, Time: 00:09:48

Health: -3/43      AC: -1    Str: 10    XL:     7   Next: 13%
Magic:  9/9        EV: 14    Int: 10    God:
Gold:   232        SH:  0    Dex: 18    Spells: 0 memorised, 6 levels left

rFire  . . .     SeeInvis .     o - +2 dagger (venom)
rCold  . . .     Gourm    .     z - +0 ring mail
rNeg   . . .     Faith    .     (shield restricted)
rPois  .         Spirit   .     p - +1 helmet
rElec  .         Dismiss  .     (no cloak)
rCorr  .         Reflect  .     (no gloves)
SustAt .         Harm     .     (no boots)
MR     +....                    (no amulet)
Stlth  +++.......               (no ring)
                                w - ring of protection from magic

@: corroded, somewhat resistant to hostile enchantments, fairly stealthy
A: carnivore 3
a: no special abilities


You were on level 5 of the Dungeon.
You were not hungry.

You visited 1 branch of the dungeon, and saw 5 of its levels.

You collected 232 gold pieces.

Inventory:

Hand Weapons
 a - a +0 short sword
 h - a +0 short sword of freezing
 i - a +2 dagger of speed
 o - a +2 dagger of venom (weapon)
Armour
 b - a +0 leather armour
 p - a +1 helmet (worn)
 z - a +0 ring mail (worn)
Jewellery
 w - a ring of protection from magic (left hand)
Wands
 c - a wand of flame (15/48)
 d - a wand of enslavement (15/24)
 e - a wand of random effects (15/48)
 u - a wand of acid (7/15)
Scrolls
 k - a scroll of immolation
 q - a scroll of blinking
 A - 2 scrolls of remove curse
Potions
 g - 3 potions of curing
 j - 2 potions of brilliance
 m - a potion of berserk rage {unknown}
 n - a potion of might {unknown}
 s - a potion of heal wounds {unknown}
 t - 3 potions of agility {unknown}
 v - a potion of haste {unknown}
 x - a potion of lignification {unknown}
Comestibles
 f - a meat ration
 r - a slice of pizza


   Skills:
 + Level 4.1 Fighting
 + Level 5.2 Short Blades
 - Level 3.2 Dodging
 + Level 5.3 Stealth
 - Level 3.6 Evocations


You had 6 spell levels left.
You didn't know any spells.

Dungeon Overview and Level Annotations

Branches:
Dungeon (5/15)
 Temple: D:4-7

Altars:
Dithmenos
Nemelex Xobeh
Okawaru
Ru

Annotations:
D:3 mdfi's ghost, amateur FoWr


Innate Abilities, Weirdness & Mutations

You are small and have problems with some larger weapons.
You are carnivorous and can eat meat at any time.


Message History

The jelly is moderately wounded.
The jelly hits you but does no damage.
You hit the jelly but do no damage.
Your hands burn!
The jelly is moderately wounded.
The jelly hits you.
You are splashed with acid!
The acid burns!
You hit the jelly but do no damage. The acid corrodes you!
Your hands burn!
The jelly is moderately wounded.
The jelly barely misses you.
An orc wizard appears from thin air!
Reactivating autopickup.
The orc wizard points at you and mumbles some strange words.
The puff of flame hits you!
* * * LOW HITPOINT WARNING * * *
The orc wizard mumbles some strange words.
The orc wizard flickers and vanishes!
Deactivating autopickup; reactivate with Ctrl-A.
The jelly looks more healthy.
The jelly hits you.
* * * LOW HITPOINT WARNING * * *
You are splashed with acid!
The acid burns!
You die...

#.####..## #.#
#. #.## #.# #.
#.# #.# ..# #.#
#### #.# #.#
#.###
#...########
###
#...@.......
##.##
##..J#######.
##.#.####...##
##.###.##.....#
#.## ##.##{o.##
##.###.......#
##.#.#####.##
##.## #.# ###
#o# #+#


You could see a jelly and an orc.

Vanquished Creatures
  2 ogres
  2 giant frog skeletons (D:4)
  Terence (D:2)
  Natasha (twice) (D:4)
  A worker ant (D:5)
  2 adders
  2 oozes
  3 giant geckos
  4 orcs
  7 bats
  A giant cockroach (D:1)
  4 goblins
  4 hobgoblins
  6 giant newts (D:1)
  6 kobolds
  36 rats
83 creatures vanquished.

Notes
Turn   | Place    | Note
--------------------------------------------------------------
     0 | D:1      | Ijustatesigmund the Kobold Artificer began the quest for the Orb.
     0 | D:1      | Reached XP level 1. HP: 12/12 MP: 3/3
    75 | D:1      | Reached XP level 2. HP: 12/16 MP: 4/4
   375 | D:1      | Found a sparkling altar of Nemelex Xobeh.
   823 | D:1      | Reached XP level 3. HP: 18/20 MP: 5/5
  1618 | D:2      | Noticed Terence
  1623 | D:2      | Killed Terence
  1623 | D:2      | Reached XP level 4. HP: 26/26 MP: 6/6
  2264 | D:3      | Found a sacrificial altar of Ru.
  2291 | D:3      | Reached XP level 5. HP: 29/31 MP: 7/7
  2405 | D:3      | Noticed mdfi's ghost (amateur FoWr)
  2851 | D:4      | Found a shadowy altar of Dithmenos.
  3031 | D:4      | Noticed an ogre
  3046 | D:4      | Killed an ogre
  3046 | D:4      | Reached XP level 6. HP: 35/37 MP: 8/8
  3315 | D:4      | Noticed Natasha
  3329 | D:4      | Killed Natasha
  3491 | D:4      | Found an iron altar of Okawaru.
  3539 | D:4      | Noticed Natasha
  3545 | D:4      | Killed Natasha
  3575 | D:5      | Entered Level 5 of the Dungeon
  3590 | D:5      | Noticed an ogre
  3599 | D:5      | Killed an ogre
  3599 | D:5      | Reached skill level 5 in Short Blades
  3599 | D:5      | Reached skill level 5 in Stealth
  3599 | D:5      | Reached XP level 7. HP: 20/43 MP: 9/9
  3900 | D:5      | Splashed by a jelly's acid

Vault maps used:
D:1:      dpeg_arrival_windows_large_door, serial_bayou, serial_bayou_crossing,
          serial_bayou_pond_e, serial_bayou_pond_d, serial_bayou_shore_a,
          nemelex_diamond_rough_becter
D:2:      first_bread, minmay_rats_cheesy_pizza, uniq_terence
D:3:      nicolae_ru_sacrificial_ziggurat, supply_closet_lemuel, st_stairs_7,
          minivault_26
D:4:      nicolae_dithmenos_the_darkroom, kennysheep_mini,
          kennysheep_small_spiral, uniq_natasha
D:5:      minitemple, vehumet_statue, serial_shops, shop

Skill      XL: |  1  2  3  4  5  6 |
---------------+-------------------+-----
Dodging        | 3 |  3.2
Short Blades   | 2 3 4 5 |  5.2
Stealth        | 3 4 5 |  5.3
Fighting       | 2 3 4 |  4.1
Evocations     | |  3.6

Action                   |  1- 3 |  4- 6 |  7- 9 || total
-------------------------+-------+-------+-------++-------
Melee: Short sword       |    19 |       |       ||    19
       Dagger            |    80 |   132 |    15 ||   227
  Use: Scroll            |     6 |     6 |       ||    12
 Stab: Sleeping          |     6 |     6 |     1 ||    13
  Eat: Chunk             |     2 |     9 |     1 ||    12
